 Dungeon Crawl Stone Soup version 0.28-a0-1616-g050a50673c (webtiles) character file.

Game seed: 4982541525510444748

770 dolemite99 the Carver (level 7, 0/50 (52) HPs)
             Began as a Demonspawn Chaos Knight on Jan 23, 2022.
             Was a Believer of Sif Muna.
             Slain by a centaur (9 damage)
             ... on level 5 of the Dungeon.
             The game lasted 00:05:08 (4371 turns).

dolemite99 the Carver (Demonspawn Chaos Knight)     Turns: 4371, Time: 00:05:09

HP:   0/50 (52)     AC: 10    Str: 15    XL:     7   Next: 53%
MP:   7/7           EV:  8    Int: 13    God:    Sif Muna [**....]
Gold: 177           SH:  0    Dex: 12    Spells: 3/6 levels left

rFire   . . .      SeeInvis .   a - +0 falchion (chaos)
rCold   . . .      Faith    .   (no shield)
rNeg    . . .      Spirit   .   c - +0 chain mail
rPois   .          Reflect  .   t - +1 helmet
rElec   .          Harm     .   (no cloak)
rCorr   .          Rampage  .   (no gloves)
Will    .....                   (no boots)
Stlth   ..........              j - amulet of regeneration
HPRegen 0.96/turn               (no ring)
MPRegen 0.10/turn               (no ring)

@: lightly drained, unable to read
A: repulsion field 1, spiny 1, sense surroundings 1, inability to read while
threatened
a: Renounce Religion, Channel Magic


You were on level 5 of the Dungeon.
You worshipped Sif Muna.
Sif Muna was pleased with you.
You visited 1 branch of the dungeon, and saw 5 of its levels.

You collected 177 gold pieces.

Inventory:

Hand Weapons
 a - a +0 falchion of chaos (weapon)
 k - a +1 vampiric dagger
 w - a +2 hunting sling
Missiles
 e - 8 sling bullets
 i - 178 stones (quivered)
Armour
 b - a +2 leather armour
 c - a +0 chain mail (worn)
 t - a +1 helmet (worn)
Jewellery
 j - an amulet of regeneration (around neck)
 m - a ring of fire
 u - a +4 ring of protection
Scrolls
 d - a scroll of magic mapping
 g - a scroll of vulnerability {unknown}
 h - a scroll of enchant armour
 n - a scroll of identify {@r1}
Potions
 f - a potion of attraction
 l - a potion of haste
 o - 2 potions of resistance
 p - a potion of cancellation


   Skills:
 - Level 3.0 Fighting
 + Level 8.2 Long Blades
 - Level 1.7 Armour
 - Level 0.8 Dodging


You had 3 spell levels left.
You knew the following spells:

 Your Spells              Type           Power      Damage    Failure   Level
a - Confusing Touch       Hex            0%         N/A       100%        3

Your spell library contained the following spells:

 Spells                   Type           Power      Damage    Failure   Level
 Summon Small Mammal      Summ           0%         N/A       100%        1
 Call Canine Familiar     Summ           0%         N/A       100%        3
 Summon Guardian Golem    Hex/Summ       0%         N/A       100%        3
 Yara's Violent Unravell  Hex/Tmut       0%         3d3       100%        5
 Enfeeble                 Hex            0%         N/A       100%        7


Dungeon Overview and Level Annotations

Branches:
Dungeon (5/15)
 Temple: D:4-7

Altars:
Ashenzari
Makhleb
Nemelex Xobeh
Qazlal
Sif Muna
Wu Jian

Shops:
D:1 (


Innate Abilities, Weirdness & Mutations

You are surrounded by a mild repulsion field. (EV +2)
You are partially covered in sharp spines.
You passively map a small area around you.
You sometimes lose the ability to read scrolls when taking damage.


Message History

The necrophage hits you but does no damage.
The necrophage hits you.
You feel drained.
* * * LOW HITPOINT WARNING * * *
You hit the necrophage. You burn the necrophage.
The necrophage is heavily damaged.
The necrophage is struck by your spines.
The necrophage hits you but does no damage.
You closely miss the necrophage.
The necrophage is severely damaged.
The necrophage hits you.
You hit the necrophage.
The necrophage resists with almost no effort.
The necrophage is almost destroyed.
The necrophage barely misses you. The necrophage closely misses you.
You closely miss the necrophage.
The necrophage is almost destroyed.
The necrophage closely misses you.
You slash the necrophage! You burn the necrophage.
You destroy the necrophage!
Sif Muna accepts your kill.
The centaur shoots an arrow.
The arrow hits you.
* * * LOW HITPOINT WARNING * * *
Your life force feels restored.
Your Long Blades skill increases to level 8!
The centaur unwields a +0 shortbow.
The centaur wields a +0 flail of draining.
You sense an unholy aura.
The centaur closely misses you.
The centaur kicks you but does no damage.
The centaur is struck by your spines.
The centaur hits you with a +0 flail of draining!
* * * LOW HITPOINT WARNING * * *
You feel drained.
The centaur kicks you but does no damage.
Things that are here:
a +0 giant club; a necrophage corpse You completely miss the centaur.
The centaur is lightly wounded.
The centaur is struck by your spines.
The centaur hits you with a +0 flail of draining!
You die...

############ * #######*
#..........#
......!#####..........#
,
......c@..............#
.......#####..........#
.......* #####.###### ,
*.......
#######.####### ,, ,
.(((...
,...............
*.(.....
#.###'###.##### .......
.##≈≈.≈≈##.#### *
....... ##≈..P..≈##....
, , #≈.P...P.≈#....


You could see a centaur.

Vanquished Creatures
  A necrophage (D:5)
  3 ogres (D:5)
  A bullfrog skeleton (D:5)
  An orc priest (D:3)
  2 hounds (D:4)
  A jelly (D:4)
  An iguana (D:5)
  3 iron imps (D:4)
  A hound zombie (D:5)
  5 adders
  A river rat (D:4)
  An adder skeleton (D:4)
  2 worms
  2 dart slugs
  7 orcs
  5 ball pythons
  6 endoplasms
  3 giant cockroaches
  13 goblins
  2 hobgoblins
  7 jackals (D:1)
  7 kobolds
  3 quokkas
  2 bats (D:1)
  5 frilled lizards
  6 rats
91 creatures vanquished.

Notes
Turn   | Place    | Note
-------+----------+-------------------------------------------
     0 | D:1      | dolemite99 the Demonspawn Chaos Knight began the quest for
                  | the Orb.
     0 | D:1      | Reached XP level 1. HP: 18/18 MP: 1/1
    36 | D:1      | XOM: potion effect (haste)
    50 | D:1      | Reached skill level 3 in Long Blades
    61 | D:1      | Gained mutation: You are surrounded by a mild repulsion
                  | field. (EV +2) [demonic ancestry]
    61 | D:1      | Reached XP level 2. HP: 24/24 MP: 2/2
   202 | D:1      | XOM: 9-stop teleportation journey
   341 | D:1      | Found Amoph's Antique Weapon Boutique.
   610 | D:1      | Reached XP level 3. HP: 28/29 MP: 3/3
   893 | D:1      | Reached skill level 4 in Long Blades
  1115 | D:2      | Found a stormy altar of Qazlal.
  1242 | D:2      | Gained mutation: You are partially covered in sharp spines.
                  | [demonic ancestry]
  1242 | D:2      | Reached XP level 4. HP: 6/35 MP: 4/4
  1662 | D:2      | XOM: 1-stop teleportation journey
  2155 | D:2      | Found a faded altar of an unknown god.
  2162 | D:2      | Prayed at the altar of an unknown god.
  2162 | D:2      | Fell from the grace of Xom
  2162 | D:2      | Became a worshipper of Sif Muna the Loreminder
  2162 | D:2      | Reached * piety under Sif Muna
  2347 | D:3      | XOM: give mutations
  2347 | D:3      | Gained mutation: You passively map a small area around you.
                  | [Xom's mischief]
  2347 | D:3      | Gained mutation: Your magical capacity is low. (-10% MP)
                  | [Xom's mischief]
  2347 | D:3      | Gained mutation: You sometimes lose the ability to read
                  | scrolls when taking damage. [Xom's mischief]
  2347 | D:3      | Lost mutation: Your magical capacity is low. (-10% MP)
                  | [Xom's mischief]
  2390 | D:3      | Found a broken altar of Ashenzari.
  2461 | D:3      | Identified the +7 mace of Vaujurch {venom, Dex+5}
  2669 | D:3      | Reached skill level 5 in Long Blades
  2698 | D:3      | Reached XP level 5. HP: 41/41 MP: 5/5
  2890 | D:4      | Learned a level 3 spell: Confusing Touch
  2895 | D:4      | Found a stormy altar of Qazlal.
  2941 | D:4      | XOM: polymorph goblin -> river rat
  3010 | D:4      | Found an ornate altar of the Wu Jian Council.
  3043 | D:4      | Reached ** piety under Sif Muna
  3371 | D:4      | Reached skill level 6 in Long Blades
  3542 | D:4      | Reached XP level 6. HP: 44/47 MP: 6/6
  3578 | D:4      | Found a burning altar of Makhleb.
  3595 | D:5      | Entered Level 5 of the Dungeon
  3736 | D:4      | Reached skill level 7 in Long Blades
  3747 | D:4      | Reached XP level 7. HP: 52/52 MP: 7/7
  3815 | D:5      | Found a sparkling altar of Nemelex Xobeh.
  4370 | D:5      | Reached skill level 8 in Long Blades
  4371 | D:5      | Slain by a centaur

Illustrated notes

Levels and vault maps discovered:
D:1:      kennysheep_arrival_seaside, layout_basic, serial_shops, shop,
          kennysheep_flooded_box
D:2:      layout_basic, chequers_ecumenical_altar_grove, basic_altar
D:3:      layout_loops_cross, ashenzari_altar_1
D:4:      layout_rooms, mainiacjoe_overflow_brackets, demons_altar,
          grunt_qazlal_sundering, nicolae_concentric_dashed_squares_mild
D:5:      layout_basic, nemelex_xobeh_ov_fountains_minmay,
          hangedman_glass_garden, grunt_decor_one_mirror

Skill      XL: |  1  2  3  4  5  6  7 |
---------------+----------------------+-----
Long Blades    | 3 4 5 6 7 8 |  8.2
Fighting       | |  3.0
Armour         | |  1.7
Dodging        | |  0.8

Action                   |  1- 3 |  4- 6 |  7- 9 || total
-------------------------+-------+-------+-------++-------
Melee: Falchion          |   145 |   109 |    18 ||   272
       Punch             |       |     2 |       ||     2
Throw: Stone             |     6 |    31 |     9 ||    46
  Use: Scroll            |       |    14 |       ||    14
       Potion            |       |       |     1 ||     1
 Stab: Paralysed         |     1 |       |       ||     1
       Sleeping          |     1 |     1 |       ||     2
Armor: Leather armour    |    60 |    24 |       ||    84
       Chain mail        |       |     6 |     5 ||    11
Dodge: Dodged            |   109 |    59 |     9 ||   177

Table legend: (Time is in decaauts)
 A = Elapsed time spent in this place.
 B = Non-inter-level travel time spent in this place.
 C = Inter-level travel time spent in this place.
 D = Time resting spent in this place.
 E = Time spent auto-exploring this place.
 F = Levels seen in this place.
 G = Mean time per level.
                   A        B        C        D        E       F      G
               +--------+--------+--------+--------+--------+-----+--------+
         Total |   4373 |   4196 |    177 |    637 |   2748 |   5 |  874.6 |
       Dungeon |   4373 |   4196 |    177 |    637 |   2748 |   5 |  874.6 |
               +--------+--------+--------+--------+--------+-----+--------+

Top non-repeatable levels by time:
     D:2: 1107 daAuts
     D:1: 1095 daAuts
     D:4: 861 daAuts
     D:3: 671 daAuts
     D:5: 637 daAuts
